Map: Kairos Junction LE

Players

pHARM - Winner!

  • Race: Zerg Zerg
  • League: Platinum
  • Spawn Location: 11:00

Zapranoth

  • Race: Terran Terran
  • League: Platinum
  • Spawn Location: 5:00

VOD

Have the link to the VOD?

Description

Time

  • Played on: Aug. 5, 2019, 1:32 a.m.
  • Length: 10:33
Show
View Real Time Build Order
Export as new Build Order

pHARM Zerg - Winner!

Build Orders: Hatch First 

Get SALT Encoding   

  12  0:01  Drone  
  13  0:13  Overlord  
  13  0:20  Drone  
  14  0:31  Drone x2  
  16  0:43  Drone  
  17  0:55  Hatchery  
  16  1:06  Drone x2  
  18  1:22  Spawning Pool  
  17  1:26  Drone x2  
  17  1:32  Drone  
  20  1:42  Overlord  
  20  1:51  Extractor  
  20  1:53  Drone  
  20  2:02  Drone  
  21  2:10  Queen x2  
  21  2:12  Zergling x4  
  27  2:19  Zergling x2  
  28  2:29  Zergling x2  
  30  2:30  Zergling x2  
  30  2:34  Spine Crawler  
  30  2:36  Spine Crawler  
  28  2:40  Zergling x4  
  30  2:58  Zergling x6  
  33  3:05  Zergling x4  
  33  3:48  Overlord x2  
  29  4:20  Lair  
  29  4:31  Hatchery  
  28  4:48  Drone x3  
  31  5:06  Drone  
  32  5:10  Extractor  
  31  5:28  Overlord  
  31  5:37  Drone  
  31  5:38  Drone x5  
  37  5:53  Hatchery  
  37  5:54  Drone  
  37  5:55  Drone x2  
  39  6:12  Overlord  
  39  6:17  Drone  
  39  6:18  Drone  
  41  6:23  Drone x4  
  41  6:24  Drone x2  
  47  6:31  Evolution Chamber  
  46  6:38  Roach Warren  
  46  6:39  Drone x5  
  50  6:43  Extractor  
  50  6:44  Extractor  
  48  7:03  Zerg Missile Weapons Level 1  
  48  7:16  Baneling Nest  
  48  7:18  Hydralisk Den  
  48  7:20  Drone  
  48  7:21  Drone x11  
  48  7:22  Queen  
  60  8:02  Centrifical Hooks  
  60  8:05  Grooved Spines  
  60  8:06  Overlord x3  
  60  8:18  Spore Crawler, Spine Crawler  
  58  8:21  Roach x4  
  58  8:22  Roach x5  
  72  8:33  Baneling x12  
  71  8:36  Roach x2  
  71  8:37  Overlord x3  
  69  9:00  Roach x9  
  69  9:01  Roach  
  88  9:19  Roach x6  
  91  9:40  Hatchery  
  91  9:41  Hydralisk  
  91  9:42  Hydralisk x2  
Show
View Real Time Build Order
Export as new Build Order

Zapranoth Terran 

Build Orders:  

Get SALT Encoding   

  12  0:01  SCV  
  13  0:13  SCV  
  14  0:17  Supply Depot  
  14  0:25  SCV  
  15  0:39  SCV  
  16  0:51  SCV  
  16  0:55  Barracks  
  17  0:59  Barracks  
  17  1:12  Barracks  
  17  1:20  SCV  
  18  1:29  Supply Depot  
  18  1:32  SCV  
  19  1:43  Marine  
  19  1:45  SCV, Marine  
  22  2:00  Marine x2  
  24  2:03  Marine  
  25  2:18  Bunker  
  25  2:23  Bunker  
  25  2:27  Marine x2  
  25  2:28  Bunker, Marine  
  29  2:45  Marine x2  
  29  2:46  Refinery  
  29  2:47  Marine  
  29  2:49  Orbital Command  
  31  3:22  Supply Depot  
  31  3:34  Supply Depot  
  31  3:41  Marine  
  26  3:59  Marine  
  24  4:05  SCV  
  21  4:17  SCV  
  21  4:23  Bunker  
  21  4:24  Refinery, Barracks  
  21  4:29  SCV  
  21  4:40  Supply Depot  
  21  4:41  SCV  
  22  4:56  Marine  
  23  5:07  Marine  
  22  5:09  SCV  
  22  5:14  Marine x2  
  24  5:21  SCV  
  28  5:31  Barracks Tech Lab  
  28  5:32  Marine  
  28  5:33  SCV  
  30  5:39  Barracks Reactor  
  30  5:42  Factory  
  30  5:44  Barracks Reactor  
  30  5:45  SCV  
  30  5:55  Stimpack  
  31  5:58  Barracks Reactor  
  30  6:16  Marine  
  30  6:17  Marine  
  32  6:19  Marauder  
  34  6:28  Starport  
  34  6:29  Factory Reactor  
  34  6:31  Marine x2  
  36  6:33  Marine x2  
  36  6:34  Marine x2  
  40  6:40  Marine  
  40  6:43  Supply Depot  
  44  6:56  Armory  
  44  7:02  Marine  
  44  7:06  Hellion x2  
  46  7:11  Medivac  
  48  7:19  Marine x2  
  50  7:28  Hellion x2  
  54  7:36  Marine  
  55  7:41  Medivac  
  57  7:54  Hellion  
  57  7:55  Hellion, Combat Shield  
  61  8:08  Marine x2  
  63  8:36  Hellion x2  
  63  8:40  Supply Depot  
  67  8:58  Hellion x2  
  65  9:19  Hellion x2  
  38  9:32  Marine x5  
  38  9:33  Marine x2  
  45  9:40  Hellion x2  
  49  9:50  Marine  
  50  9:55  Marine x4  
  42  10:07  Marine  
  42  10:08  Marine x2  
Tags
 
Add a new tag
Caveats
  • Supply blocks, unpowered buildings, or Contaminate may cause inaccurate times.
  • Supply counts are checked every 10 seconds.